 Dungeon Crawl Stone Soup version 0.22.0-13-g43fe8f2 (webtiles) character file.

2093387 kuniqs the Talismancer (level 27, 298/298 HPs)
             Began as a Deep Dwarf Fighter on Aug 16, 2018.
             Was the Champion of Makhleb.
             Escaped with the Orb
             ... and 3 runes!
             The game lasted 01:36:51 (49044 turns).

kuniqs the Talismancer (Deep Dwarf Fighter)        Turns: 49044, Time: 01:36:51

Health: 298/298    AC: 54    Str: 33    XL:     27
Magic:  21/21      EV: 21    Int: 12    God:    Makhleb [******]
Gold:   6860       SH: 25    Dex: 13    Spells: 26/26 levels left

rFire    + + .     SeeInvis +   a - +9 broad axe (elec)
rCold    + + +     Gourm    .   O - +0 large shield {AC+3}
rNeg     + + .     Faith    .   t - +7 gold dragon scales
rPois    +         Spirit   .   I - +2 helmet of Dim Light {SInv}
rElec    +         Reflect  .   i - +2 cloak {rF+}
rCorr    +         Harm     .   P - +0 pair of gloves of Mocobbur {Slay+3} (curse)
MR       ++++.                  K - +2 pair of boots "Plog" {*Drain rElec rCorr SInv}
Stlth    ..........             Q - amulet of the Ban {rElec rN+ Regen+ Str+4 Slay+3}
HPRegen  0.00/turn              y - +4 ring of protection
MPRegen  0.17/turn              T - +4 ring of evasion

@: non-regenerating
A: damage resistance, heal wounds, hooves 1, slimy green scales 1, thin skeletal
structure 1, clumsy 1, cold resistance 2, deterioration 1, negative energy
resistance 1, sense surroundings 3, poison resistance, MP-powered wands, no
regeneration
0: Orb of Zot
}: 3/15 runes: barnacled, silver, gossamer
a: Heal Wounds, Minor Destruction, Lesser Servant of Makhleb, Major Destruction,
Greater Servant of Makhleb, Renounce Religion


You escaped.
You worshipped Makhleb.
Makhleb was exalted by your worship.
You were full.

You visited 10 branches of the dungeon, and saw 50 of its levels.
You also visited: Ossuary, Bailey, Ice Cave, Volcano and Wizlab.

You collected 8474 gold pieces.
You spent 1614 gold pieces at shops.

Inventory:

Hand Weapons
 a - a +9 broad axe of electrocution (weapon)
 b - the +18 lance "Wyrmbane" {slay drac, rPois rF+ rC+ AC+3}
   (You found it on level 4 of the Dungeon)

   It affects your AC (+3).
   It protects you from fire.
   It protects you from cold.
   It protects you from poison.
Missiles
 k - 4 throwing nets (quivered)
Armour
 i - a +2 cloak of fire resistance (worn)
 t - +7 gold dragon scales (worn)
 I - the +2 helmet of Dim Light (worn) {SInv}
   (You bought it in a shop on level 5 of the Depths)

   It lets you see invisible.
 K - the +2 pair of boots "Plog" (worn) {*Drain rElec rCorr SInv}
   (You found it on level 1 of the Shoals)

   It insulates you from electricity.
   It lets you see invisible.
   It provides partial protection from all sources of acid and corrosion.
   It causes draining when unequipped.
 O - a +0 large shield of protection (worn)
 P - the cursed +0 pair of gloves of Mocobbur (worn) {Slay+3}
   (You found it on level 5 of the Lair of Beasts)

   It affects your accuracy and damage with ranged weapons and melee attacks
   (+3).
   It has a curse placed upon it.
Jewellery
 y - a +4 ring of protection (left hand)
 Q - the amulet of the Ban (around neck) {rElec rN+ Regen+ Str+4 Slay+3}
   (You found it on level 3 of the Elven Halls)

   [amulet of regeneration]

   It affects your strength (+4).
   It affects your accuracy and damage with ranged weapons and melee attacks
   (+3).
   It insulates you from electricity.
   It protects you from negative energy.
   It increases your rate of regeneration.
 T - a +4 ring of evasion (right hand)
Wands
 c - a wand of flame (13)
 o - a wand of enslavement (13)
 x - a wand of acid (31)
 A - a wand of digging (22)
 E - a wand of scattershot (23)
 H - a wand of polymorph (17)
 M - a wand of paralysis (18)
 W - a wand of disintegration (49)
 Z - a wand of iceblast (26)
Scrolls
 g - 36 scrolls of remove curse {@r2}
 m - 2 scrolls of holy word
 p - 10 scrolls of fear
 r - 21 scrolls of teleportation
 u - a scroll of enchant armour
 w - a scroll of identify {@r1}
 B - 4 scrolls of blinking
 F - 4 scrolls of silence
 G - 5 scrolls of vulnerability
 J - 10 scrolls of immolation
 L - 6 scrolls of fog
 U - 3 scrolls of summoning
Potions
 d - 6 potions of might
 e - 3 potions of flight
 h - 11 potions of curing {@q1}
 j - 9 potions of agility
 l - 4 potions of mutation
 n - 6 potions of haste
 s - 3 potions of cancellation
 v - 10 potions of heal wounds
 z - 2 potions of invisibility
 N - 2 potions of resistance
Miscellaneous
 C - a box of beasts
 R - 3 sacks of spiders
 S - a lamp of fire
 V - a fan of gales
 X - a lightning rod (4/4)
 Y - 4 phantom mirrors
Comestibles
 f - 71 rations


   Skills:
 O Level 27 Fighting
 - Level 18.0 Axes
 - Level 22.2 Armour
 + Level 21.6 Dodging
 - Level 20.0 Shields
 - Level 8.1 Invocations
 O Level 27 Evocations


You had 26 spell levels left.
You didn't know any spells.
Your spell library was empty.

Dungeon Overview and Level Annotations

Branches:
Dungeon (15/15)            Temple (1/1) D:6            Lair (6/6) D:11
 Shoals (4/4) Lair:2       Spider (4/4) Lair:4        Slime (0/5) Lair:6
    Orc (2/2) D:9             Elf (3/3) Orc:2        Vaults (5/5) D:14
  Crypt (0/3) Vaults:2     Depths (5/5) D:15            Zot (5/5) Depths:5

Altars:
Ashenzari
Cheibriados
Dithmenos
Elyvilon
Fedhas
Gozag
Hepliaklqana
Kikubaaqudgha
Makhleb
Nemelex Xobeh
Okawaru
Qazlal
Ru
Sif Muna
Trog
Uskayaw
Vehumet
Wu Jian
Xom
Yredelemnul
Zin
The Shining One
Beogh

Shops:
D:10 !   Orc:2 %(?:   Vaults:2 (   Depths:1 =}}[   Depths:5 [

Portals:
Hell: Depths:1 Depths:2 Depths:3 Depths:4 Depths:5
Abyss: Depths:2 Depths:4
Pandemonium: Depths:2 Depths:3
Ziggurat: Depths:4
Trove: Elf:1 (give 7 potions of haste)

Annotations:
Lair:2 3 runed doors, Loudmushroom's ghost, journeyman MiFi
Shoals:1 exclusion: Roxanne, Roxanne
Elf:2 2 runed doors
Vaults:4 3 runed doors, Aptytisy's ghost, veteran GrWz
Depths:2 3 runed doors


Innate Abilities, Weirdness & Mutations

You are resistant to damage.
You can heal yourself by infusing magical energy.
You resist negative energy. (rN+)
You passively map a large area around you.
You do not regenerate.
You have large cloven feet.
You are partially covered in slimy green scales. (AC +2)
You have a somewhat thin skeletal structure. (Dex +2, Stealth)
You are clumsy. (Dex -2)
Your flesh is very cold resistant. (rC++)
Your body sometimes deteriorates upon taking damage.
Your system is resistant to poisons. (rPois)
You expend magic power (3 MP) to strengthen your wands.


Message History

Tha chaos spawn hits ye but does nay damage.
Ye slash tha chaos spawn!
Lightnin' courses through tha chaos spawn!
Ye kill tha chaos spawn!
Makhleb accepts yer kill.
Tha chaos spawn degenerates inta a cloud o' primal chaos!
Nay target in view!
Nay target in view!
Nay target in view!
Nay target in view!
(D) Dungeon (T) Temple (L) Lair (A) Shoals (N) Spider Nest (M) Slime Pits (O) Orcish Mines (E) Elv'n Halls (V) Vaults (C) Crypt (U) Depths (H) Hell (Z) Zot Where ta? (Enter - D:1, ? - help) Thar be a stone staircase leadin' up 'ere.
Ye climb upwards.
Thar be a stone staircase leadin' down 'ere.
Thar be a staircase leadin' outta tha dungeon 'ere.
Ye haf 'scaped!

.....##....#.# #.# #.....
#...###.#############
#...## ##### #.##
##..#....## ###### #..#
#.........###### #..
##.###..........##..#####..
#.#...........###.........
#.......≈≈≈....#..######..
#......≈...≈......# #>....
#......≈.@.≈......# #.#...
##.....≈...≈.....## #...##
#......≈≈≈......# ##.##
####...........## ###.###
#...........## #..)..#
###......#.## #.....#
##..#..### #.....#
########### #.....#
#.##.#.# #.....#


There were no monsters in sight!

Vanquished Creatures
  A pandemonium lord (D:5)
  7 orbs of fire
  4 ancient liches (Zot:5)
  Sojobo (Depths:4)
  Boris (Depths:5)
  2 large abominations
  Margery (Depths:5)
  Frederick (Depths:4)
  3 Killer Klowns (Zot:5)
  10 caustic shrikes
  3 curse toes
  14 golden dragons
  Nikola (Shoals:2)
  A bone dragon (Vaults:2)
  2 electric golems
  5 liches
  14 tentacled monstrosities
  A Cloud Mage (WizLab)
  An Ice Fiend (IceCv)
  6 titans
  A Hell Sentinel (D:6)
  25 Orb Guardians
  A deep elf master archer (Elf:3)
  2 deep elf blademasters (Elf:3)
  7 quicksilver dragons
  A kraken (Shoals:4)
  12 storm dragons
  Kirke (Spider:4)
  11 death cobs
  4 sphinxes
  10 tengu reavers
  9 draconian monks
  13 shadow dragons
  12 deep elf sorcerers
  4 emperor scorpions (Spider:4)
  9 frost giants
  5 draconian scorchers
  10 fire giants
  2 iron dragons
  4 draconian knights
  6 ghost moths
  3 deep elf elementalists
  16 vault wardens
  3 draconian stormcallers
  4 draconian shifters
  A spriggan defender (Depths:2)
  2 war gargoyles (Vaults:5)
  20 ironheart preservers
  5 draconian annihilators
  4 entropy weavers
  4 green draconians
  4 vampire knights
  Nessos (Lair:5)
  17 deep elf demonologists
  17 deep elf annihilators
  27 stone giants
  24 very ugly things
  11 white draconians
  6 black draconians
  8 purple draconians
  7 yellow draconians
  7 red draconians
  16 spark wasps
  5 merfolk javelineers
  17 ettins
  10 deep elf death magi
  5 blizzard demons
  6 merfolk impalers
  19 fire dragons
  9 deep elf high priests
  18 ice dragons
  14 yaktaur captains
  5 rakshasas
  4 hydras
  2 great orbs of eyes
  29 vault guards
  A hydra (shapeshifter) (Vaults:5)
  6 spriggan air magi
  4 death knights
  5 merfolk avatars
  Erica (D:8)
  3 ghost crabs (WizLab)
  An anaconda (shapeshifter) (Vaults:5)
  14 centaur warriors
  55 two-headed ogres
  17 dancing weapons
  An alligator (Orc:1)
  A queen ant (Spider:2)
  2 merfolk aquamancers (Shoals:4)
  A hell hog (Spider:2)
  21 ogre magi
  5 satyrs
  An alligator (shapeshifter) (Vaults:4)
  10 deep troll shamans
  Urug (Lair:4)
  5 spriggan berserkers
  8 deep troll earth magi
  3 death yaks (Lair:4)
  8 tengu warriors
  A vampire mage (Depths:1)
  3 small abominations
  22 hell knights
  Sonja (Lair:2)
  2 shock serpents (WizLab)
  4 spriggans
  A sixfirhy (D:5)
  18 deep elf knights
  25 deep trolls
  11 sea snakes
  2 sun demons
  12 skeletal warriors
  5 unseen horrors
  6 flayed ghosts
  2 iron trolls (Depths:1)
  3 shadow wraiths
  A death drake (WizLab)
  An infernal demonspawn (Depths:2)
  A swamp dragon (shapeshifter) (Depths:4)
  5 glowing orange brains
  A tengu zombie (Vaults:5)
  14 ironbrand convokers
  A lindwurm (Lair:5)
  4 phantasmal warriors
  6 wizards
  A wolf spider zombie (D:13)
  12 deep elf archers
  10 necromancers
  A lindwurm (shapeshifter) (Vaults:5)
  Pikel (D:7)
  37 harpies
  2 harpies (shapeshifter)
  14 orc knights
  28 wolf spiders
  An oklob plant (Lair:2)
  A human zombie (Vaults:4)
  15 orb spiders
  A salamander (shapeshifter) (Depths:2)
  23 fauns
  65 deep elf magi
  51 ugly things
  13 manticores
  3 orc sorcerers
  A guardian serpent (shapeshifter) (Vaults:5)
  22 moths of wrath
  21 cyclopes
  An ice statue (IceCv)
  6 merfolk sirens
  5 elephants
  An eye of devastation (shapeshifter) (Vaults:5)
  6 apocalypse crabs (WizLab)
  A sphinx skeleton (Depths:1)
  19 vault sentinels
  18 spiny frogs
  A torpor snail (Spider:3)
  A black mamba (Lair:6)
  2 smoke demons
  7 water nymphs
  2 gargoyles (D:14)
  A kobold demonologist (D:14)
  A spiny frog (shapeshifter) (Vaults:2)
  9 rime drakes
  42 yaktaurs
  A redback zombie (D:15)
  A tormentor (Zot:5)
  9 komodo dragons
  9 demonic crawlers
  3 efreet
  8 freezing wraiths
  A yaktaur zombie (Depths:1)
  A hellwing (D:13)
  3 anaconda simulacra (IceCv)
  10 ice devils
  A queen bee (Lair:5)
  44 jumping spiders
  6 meliai
  5 trolls
  A sphinx simulacrum (Vaults:5)
  A meliai (shapeshifter) (Vaults:3)
  5 polar bears (Lair:6)
  15 merfolk
  A tengu conjurer (D:10)
  A hornet (shapeshifter) (Depths:3)
  Grinder (D:6)
  11 hornets
  Prince Ribbit (Lair:2)
  2 tengu simulacra
  10 wind drakes
  15 dream sheep
  21 blink frogs
  2 ettin zombies
  A human simulacrum (Vaults:4)
  8 snapping turtles
  17 hippogriffs
  A meliai zombie (D:14)
  A frost giant simulacrum (Vaults:5)
  18 slime creatures
  Sigmund (D:4)
  18 air elementals
  A spriggan (shapeshifter) (Vaults:2)
  7 wraiths
  An ettin skeleton (Vaults:5)
  71 redbacks
  26 tarantellas
  A vampire (D:13)
  A ynoxinul (Depths:2)
  17 water elementals
  3 shadows
  A tarantella (shapeshifter) (Vaults:1)
  51 yaks
  4 wyverns
  5 dire elephant simulacra (IceCv)
  3 fire bats (Lair:6)
  4 fire elementals
  5 basilisks
  A neqoxec (D:3)
  5 hungry ghosts
  A steam dragon (D:10)
  A hog (shapeshifter) (Depths:5)
  A yaktaur simulacrum (Vaults:5)
  A chaos spawn (D:2)
  A hog (Spider:4)
  3 vampire mosquitoes
  3 iron troll simulacra (IceCv)
  5 wargs
  A harpy simulacrum (IceCv)
  Edmund (D:4)
  29 soldier ants
  An acid dragon (shapeshifter) (Depths:2)
  3 hell hounds (Spider:2)
  27 water moccasins
  An acid dragon (D:15)
  A floating eye (shapeshifter) (Vaults:5)
  2 floating eyes
  6 hydra simulacra (IceCv)
  9 porcupines
  A swamp drake (shapeshifter) (Vaults:2)
  3 ice beasts
  3 black bears
  52 orc warriors
  An eye of draining (Spider:4)
  A tengu (shapeshifter) (Vaults:5)
  An ettin simulacrum (IceCv)
  A necrophage (D:10)
  52 ogres
  2 phantoms
  A wolf (shapeshifter) (Vaults:3)
  13 wolves
  16 boggarts
  30 centaurs
  19 crocodiles
  2 wyvern zombies (D:13)
  14 bullfrogs
  An earth elemental (Elf:1)
  13 scorpions
  An elephant simulacrum (IceCv)
  51 killer bees
  16 wights
  An elf simulacrum (Vaults:4)
  5 electric eels
  2 howler monkeys
  12 crimson imps
  6 centaur zombies
  5 hounds
  5 bullfrog zombies
  A quasit (Depths:2)
  A draconian simulacrum (IceCv)
  12 jellies
  9 orc priests
  2 bullfrog skeletons
  6 centaur skeletons
  2 iron imps (Depths:2)
  25 orc wizards
  4 iguanas
  23 worker ants
  6 troll simulacra (IceCv)
  2 polar bear simulacra (IceCv)
  A killer bee zombie (D:9)
  2 big kobold zombies (Ossuary)
  2 centaur simulacra (IceCv)
  A hound skeleton (D:8)
  4 mummies
  Robin (D:3)
  A howler monkey skeleton (D:8)
  A gnoll (D:1)
  2 ogre simulacra (IceCv)
  A river rat (Lair:5)
  3 scorpion zombies (Ossuary)
  31 adders
  3 naga simulacra (IceCv)
  7 shadow imps
  8 white imps
  8 ufetubi
  4 oozes
  2 adder skeletons
  4 worms
  A dart slug (D:2)
  5 leopard geckos
  108 orcs
  9 bats
  9 giant cockroaches
  21 goblins
  12 hobgoblins
  20 jackals
  6 quokkas
  3 ball pythons
  3 frilled lizards
  2 gnoll zombies (Ossuary)
  2 goblin zombies (Ossuary)
  2 hobgoblin zombies (Ossuary)
  2 jackal skeletons
  A jackal zombie (D:6)
  8 kobolds
  A kobold zombie (Ossuary)
  4 orc zombies (Ossuary)
  4 rats
  2 crawling corpses (Elf:3)
  A fungus (D:11)
  18 plants
  3 tentacles (Shoals:4)
2664 creatures vanquished.

Vanquished Creatures (collateral kills)
  Rupert (Orc:2)
  A torpor snail (Lair:4)
  A wolf (Lair:4)
3 creatures vanquished.

Vanquished Creatures (others)
  A quicksilver dragon (Spider:3)
  A tengu reaver (Depths:4)
  A deep elf elementalist (Depths:2)
  A stone giant (Vaults:5)
  A war gargoyle (Vaults:5)
  A vampire knight (Depths:4)
  A blizzard demon (WizLab)
  A merfolk javelineer (Shoals:4)
  A ghost crab (WizLab)
  A centaur warrior (Vaults:2)
  4 satyrs
  A deep elf archer (Vaults:4)
  An orc knight (Orc:2)
  2 deep elf magi
  An ugly thing (Vaults:2)
  An orb spider (Spider:3)
  A faun (Shoals:4)
  A cyclops (Vaults:2)
  A moth of wrath (Zot:5)
  3 yaktaurs
  A jumping spider (Spider:3)
  2 merfolk
  A hippogriff (Shoals:2)
  A redback (Spider:3)
  An air elemental (WizLab)
  2 humans (Spider:4)
  A warg (Vaults:5)
  4 orc warriors
  4 centaurs
  A killer bee (Lair:5)
  A worker ant (Spider:2)
  An orc (Orc:2)
  3 bushes (Lair:6)
  17 fungi
  72 plants
  5 tentacles (Shoals:4)
  A withered plant (D:13)
144 creatures vanquished.

Grand Total: 2811 creatures vanquished

Notes
Turn   | Place    | Note
-------+----------+-------------------------------------------
     0 | D:1      | kuniqs the Deep Dwarf Fighter began the quest for the Orb.
     0 | D:1      | Reached XP level 1. HP: 20/20 MP: 1/1
    69 | D:1      | Reached XP level 2. HP: 22/27 MP: 2/2
   527 | D:1      | Reached skill level 1 in Dodging
   527 | D:1      | Reached XP level 3. HP: 23/33 MP: 3/3
   573 | D:2      | Reached XP level 4. HP: 38/42 MP: 3/3
   694 | D:2      | Found a snail-covered altar of Cheibriados.
  1020 | D:3      | Reached XP level 5. HP: 38/49 MP: 4/4
  1072 | D:3      | Noticed Robin
  1125 | D:3      | Killed Robin
  1133 | D:3      | Found a bloodstained altar of Trog.
  1803 | D:4      | Reached XP level 6. HP: 45/56 MP: 5/5
  1822 | D:4      | Reached skill level 1 in Evocations
  2001 | D:4      | Found the +8 lance "Wyrmbane" {slay drac, rPois rF+ rC+ AC+3}
  2021 | D:4      | Found an ornate altar of the Wu Jian Council.
  2138 | D:4      | Got a brightly glowing mace
  2192 | D:4      | Found a sand-covered staircase.
  2199 | Ossuary  | Entered an ossuary
  2278 | Ossuary  | Reached XP level 7. HP: 50/63 MP: 7/7
  2370 | Ossuary  | Reached skill level 5 in Armour
  2370 | Ossuary  | Reached skill level 5 in Shields
  2874 | D:4      | Noticed Edmund
  2890 | D:4      | Killed Edmund
  2890 | D:4      | Reached XP level 8. HP: 54/73 MP: 9/9
  2910 | D:4      | Noticed Sigmund
  2917 | D:4      | Killed Sigmund
  2917 | D:4      | Reached skill level 5 in Axes
  3092 | D:5      | Entered Level 5 of the Dungeon
  3299 | D:5      | Reached skill level 5 in Fighting
  3782 | D:6      | Found a sparkling altar of Nemelex Xobeh.
  3823 | D:6      | Found a radiant altar of Vehumet.
  3856 | D:6      | Reached skill level 5 in Dodging
  3856 | D:6      | Reached skill level 5 in Evocations
  3919 | D:6      | Gained mutation: You passively map the area around you. [Deep Dwarf growth]
  3919 | D:6      | Reached XP level 9. HP: 64/81 MP: 11/11
  4013 | D:6      | Noticed Grinder
  4028 | D:6      | Killed Grinder
  4044 | D:6      | Reached XP level 10. HP: 83/92 MP: 12/15
  4203 | D:6      | Found a sparkling altar of Nemelex Xobeh.
  4261 | D:6      | Found a staircase to the Ecumenical Temple.
  4268 | Temple   | Entered the Ecumenical Temple
  4471 | D:6      | Found a hazy altar of Hepliaklqana.
  5153 | D:7      | Noticed Pikel
  5173 | D:7      | Killed Pikel
  5240 | D:7      | Got a scintillating bronze ring
  5241 | D:7      | Identified the ring of Yesterday {Ice MR+ Stlth+} (You found it on level 7 of the Dungeon)
  6186 | D:8      | Noticed Erica
  6205 | D:8      | Killed Erica
  6247 | D:8      | Found a flagged portal.
  6255 | Bailey   | Entered a bailey
  6431 | Bailey   | Reached XP level 11. HP: 89/100 MP: 13/13
  7247 | D:8      | Found a basalt altar of Yredelemnul.
  7317 | D:8      | Found a burning altar of Makhleb.
  7326 | D:8      | Became a worshipper of Makhleb the Destroyer
  7615 | D:9      | Reached skill level 1 in Invocations
  7776 | D:9      | Found a staircase to the Orcish Mines.
  7810 | D:10     | Entered Level 10 of the Dungeon
  7941 | D:10     | Noticed a green ugly thing
  7959 | D:10     | Killed a green ugly thing
  8109 | D:10     | Reached * piety under Makhleb
  8496 | D:10     | Found Qegabune's Distillery.
  8676 | D:11     | Found a staircase to the Lair.
  8699 | D:11     | Killed an unseen horror
  8699 | D:11     | Reached skill level 10 in Armour
  8801 | D:11     | Reached ** piety under Makhleb
  8831 | D:11     | Reached skill level 10 in Evocations
  8913 | D:11     | Noticed a centaur warrior
  8926 | D:11     | Killed a centaur warrior
  8978 | D:11     | Reached XP level 12. HP: 109/110 MP: 14/14
  9366 | Lair:1   | Entered Level 1 of the Lair of Beasts
  9415 | Lair:1   | Reached *** piety under Makhleb
  9501 | Lair:1   | Reached skill level 10 in Shields
  9575 | Lair:1   | Reached skill level 5 in Invocations
  9634 | Lair:1   | Noticed an eight-headed hydra
  9655 | Lair:1   | Killed an eight-headed hydra
  9966 | Lair:1   | Reached **** piety under Makhleb
 10274 | Lair:2   | Reached skill level 10 in Axes
 10351 | Lair:2   | Noticed Prince Ribbit
 10351 | Lair:2   | Noticed Sonja
 10404 | Lair:2   | Found a runed gate.
 10404 | Lair:2   | Noticed an 11-headed hydra
 10405 | Lair:2   | Found a runed gate.
 10405 | Lair:2   | Noticed Loudmushroom's ghost (journeyman MiFi)
 10406 | Lair:2   | Found a runed gate.
 10432 | Lair:2   | Killed Prince Ribbit
 10454 | Lair:2   | Killed Sonja
 10684 | Lair:2   | Found a hide-covered altar of Uskayaw.
 10712 | Lair:2   | Reached XP level 13. HP: 120/120 MP: 16/16
 10839 | Lair:2   | Found a staircase to the Shoals.
 11225 | Lair:3   | Reached ***** piety under Makhleb
 11225 | Lair:3   | Reached skill level 10 in Dodging
 11240 | Lair:3   | Found a shattered altar of Ashenzari.
 12188 | Lair:4   | Noticed Urug
 12208 | Lair:4   | Killed Urug
 12650 | Lair:4   | Found a hole to the Spider Nest.
 12885 | Lair:5   | Noticed Nessos
 12944 | Lair:5   | Killed Nessos
 13040 | Lair:5   | Identified the cursed +0 pair of gloves of Mocobbur {Slay+3} (You found it on level 5 of the Lair of Beasts)
 13928 | Lair:6   | Entered Level 6 of the Lair of Beasts
 13954 | Lair:6   | Gained mutation: You resist negative energy. (rN+) [Deep Dwarf growth]
 13954 | Lair:6   | Reached XP level 14. HP: 120/130 MP: 18/18
 14024 | Lair:6   | Found a dark tunnel.
 14036 | Volcano  | Entered a volcano
 14055 | Volcano  | Found a radiant altar of Vehumet.
 14085 | Volcano  | Reached skill level 10 in Fighting
 14106 | Volcano  | Reached ****** piety under Makhleb
 14156 | Volcano  | Reached XP level 15. HP: 131/139 MP: 19/19
 14521 | Lair:6   | Found a staircase to the Slime Pits.
 14727 | Lair:6   | Reached skill level 15 in Armour
 16554 | D:13     | Found a shadowy altar of Dithmenos.
 16734 | D:14     | Found a blossoming altar of Fedhas.
 16862 | D:14     | Reached XP level 16. HP: 150/150 MP: 21/21
 17001 | D:14     | Found a gate to the Vaults.
 17556 | D:15     | Entered Level 15 of the Dungeon
 17557 | D:15     | Found a staircase to the Depths.
 18266 | D:15     | Found a deep blue altar of Sif Muna.
 18635 | Orc:1    | Entered Level 1 of the Orcish Mines
 18835 | Orc:1    | Found a roughly hewn altar of Beogh.
 18923 | Orc:1    | Reached skill level 15 in Evocations
 19610 | Orc:2    | Entered Level 2 of the Orcish Mines
 19723 | Orc:2    | Found Riroru's Jewellery Boutique.
 19723 | Orc:2    | Found Xuigaonn's Weapon Emporium.
 19727 | Orc:2    | Found Sasaub's Magic Scroll Shoppe.
 19729 | Orc:2    | Found Tylew's Food Shop.
 19919 | Orc:2    | Found a roughly hewn altar of Beogh.
 19937 | Orc:2    | Found Rov Zunk's Book Boutique.
 19995 | Orc:2    | Found a staircase to the Elven Halls.
 20288 | Orc:2    | Noticed Rupert
 20298 | Orc:2    | Killed Rupert
 20649 | Spider:1 | Entered Level 1 of the Spider Nest
 21748 | Spider:2 | Reached XP level 17. HP: 159/159 MP: 0/23
 21782 | Spider:2 | Noticed Azrael
 21785 | Spider:2 | Noticed Azrael
 21785 | Spider:2 | Azrael changed into Azrael the hell hog
 21790 | Spider:2 | Killed Azrael the hell hog
 22759 | Spider:3 | Noticed Arachne
 22772 | Spider:3 | Noticed Arachne
 22772 | Spider:3 | Arachne changed into Arachne the quicksilver dragon
 22778 | Spider:3 | Killed Arachne the quicksilver dragon
 23281 | Spider:4 | Entered Level 4 of the Spider Nest
 23407 | Spider:4 | Noticed Kirke
 23425 | Spider:4 | Killed Kirke
 23554 | Spider:4 | Reached skill level 15 in Shields
 23710 | Spider:4 | Got a scintillating turquoise ring
 23711 | Spider:4 | Identified the ring "Leuhot" {rElec rPois rC- Str+4 Dex+3} (You found it on level 4 of the Spider Nest)
 23937 | Spider:4 | Gained mutation: You passively map a large area around you. [Deep Dwarf growth]
 23937 | Spider:4 | Reached XP level 18. HP: 170/171 MP: 2/23
 23980 | Spider:4 | Got a gossamer rune of Zot
 24244 | Shoals:1 | Entered Level 1 of the Shoals
 24249 | Shoals:1 | Reached skill level 15 in Axes
 24474 | Shoals:1 | Noticed Roxanne
 24605 | Shoals:1 | Identified the +2 pair of boots "Plog" {*Drain rElec rCorr SInv} (You found it on level 1 of the Shoals)
 25032 | Shoals:2 | Noticed Nikola
 25050 | Shoals:2 | Killed Nikola
 25553 | Shoals:3 | Found a frozen archway.
 25581 | IceCv    | Entered an ice cave
 26135 | IceCv    | Noticed an Ice Fiend
 26185 | IceCv    | Killed an Ice Fiend
 26950 | Shoals:4 | Entered Level 4 of the Shoals
 27124 | Shoals:4 | Got a barnacled rune of Zot
 27343 | Shoals:4 | Reached XP level 19. HP: 134/181 MP: 25/25
 28034 | Vaults:1 | Entered Level 1 of the Vaults
 28279 | Vaults:1 | Found a magical portal.
 28298 | WizLab   | Entered The Chambers of the Cloud Mage
 28570 | WizLab   | Paralysed by you for 3 turns
 28679 | WizLab   | HP: 7/182 [spark wasp (26)]
 28710 | WizLab   | Paralysed by an apocalypse crab for 3 turns
 28764 | WizLab   | Noticed Qompebry
 28792 | WizLab   | Killed Qompebry the Cloud Mage
 28816 | WizLab   | Got a warped ivory ring
 28817 | WizLab   | Identified the ring of Brilliance {*Corrode +Fly rPois MP-9 Stlth+} (You found it in a wizard's laboratory)
 28822 | WizLab   | Identified Xuexzufa's Papyrus of Feathers
 30212 | Vaults:2 | Reached XP level 20. HP: 192/192 MP: 21/21
 30609 | Vaults:2 | Found Naucsais's Antique Weapon Shop.
 30778 | Vaults:2 | Reached skill level 15 in Fighting
 30849 | Vaults:2 | Noticed a bone dragon
 30850 | Vaults:2 | Found a staircase to the Crypt.
 30879 | Vaults:2 | Killed a bone dragon
 30935 | Vaults:2 | Gained mutation: You are clumsy. (Dex -2) [a cacodemon]
 31933 | Vaults:3 | Reached XP level 21. HP: 201/201 MP: 21/21
 33324 | Vaults:4 | Noticed Aptytisy's ghost (veteran GrWz)
 33328 | Vaults:4 | Found a runed gate.
 33328 | Vaults:4 | Found a runed gate.
 33330 | Vaults:4 | Found a runed gate.
 33714 | Vaults:5 | Entered Level 5 of the Vaults
 34004 | Vaults:5 | Reached XP level 22. HP: 213/213 MP: 22/22
 34009 | Vaults:5 | Noticed a golden dragon
 34024 | Vaults:5 | Killed a golden dragon
 34135 | Vaults:5 | Identified the +1 shield "Zebb" {+Inv Int+3} (You found it on level 5 of the Vaults)
 34155 | Vaults:5 | Noticed a golden dragon
 34157 | Vaults:5 | Noticed a golden dragon
 34183 | Vaults:5 | Killed a golden dragon
 34205 | Vaults:5 | Killed a golden dragon
 34550 | Vaults:5 | Noticed a golden dragon
 34606 | Vaults:5 | Killed a golden dragon
 34690 | Vaults:5 | Got a silver rune of Zot
 35302 | Vaults:5 | Reached XP level 23. HP: 225/225 MP: 23/23
 35826 | D:10     | Bought 2 potions of cancellation for 256 gold pieces
 36001 | Elf:1    | Entered Level 1 of the Elven Halls
 36320 | Elf:1    | Lost mutation: You are clumsy. (Dex -2) [potion of mutation]
 36320 | Elf:1    | Gained mutation: Your mind is acute. (Int +2) [potion of mutation]
 36320 | Elf:1    | Gained mutation: You have large cloven feet. [potion of mutation]
 36320 | Elf:1    | Gained mutation: Your magical capacity is low. (-10% MP) [potion of mutation]
 36320 | Elf:1    | Gained mutation: You possess an exceptional clarity of mind. [potion of mutation]
 36780 | Elf:1    | Found a portal to a secret trove of treasure.
 37017 | Elf:2    | Found a runed door.
 37043 | Elf:2    | Found a runed door.
 37399 | Elf:3    | Entered Level 3 of the Elven Halls
 37399 | Elf:3    | Found an ancient bone altar of Kikubaaqudgha.
 37488 | Elf:3    | Identified the +9 war axe of Notuquaf {chop, rPois rC+ rN+ MR-} (You found it on level 3 of the Elven Halls)
 38032 | Elf:3    | Identified the amulet of Bintia Nubai {+Rage rC+} (You found it on level 3 of the Elven Halls)
 38042 | Elf:3    | Identified the amulet of the Ban {rElec rN+ Regen+ Str+4 Slay+3} (You found it on level 3 of the Elven Halls)
 38144 | Elf:3    | Identified the +1 pair of gloves of the Harvest Moon {rPois rN+} (You found it on level 3 of the Elven Halls)
 38864 | Depths:1 | Entered Level 1 of the Depths
 38864 | Depths:1 | Found Pashrusu's Antique Armour Shop.
 38904 | Depths:1 | Reached XP level 24. HP: 241/241 MP: 20/20
 39221 | Depths:1 | Found a gateway to Hell.
 39535 | Depths:1 | Found Hacs's Gadget Shop.
 39540 | Depths:1 | Found Ygiucim's Jewellery Shoppe.
 39541 | Depths:1 | Found Piurur's Gadget Shop.
 39546 | Depths:1 | Bought a wand of scattershot (4) for 504 gold pieces
 39546 | Depths:1 | Bought a wand of acid (2) for 252 gold pieces
 39550 | Depths:1 | Bought a sack of spiders for 260 gold pieces
 40038 | Depths:2 | Found a one-way gate to the infinite horrors of the Abyss.
 40182 | Depths:2 | Found a runed gate.
 40182 | Depths:2 | Found a runed gate.
 40182 | Depths:2 | Found a runed gate.
 40266 | Depths:2 | Found a runed gate.
 40266 | Depths:2 | Found a runed gate.
 40266 | Depths:2 | Found a runed gate.
 40308 | Depths:2 | Reached skill level 15 in Dodging
 40323 | Depths:2 | Got a smoking crystal amulet
 40324 | Depths:2 | Identified the amulet "Luhy" {Faith Int+4} (You found it on level 2 of the Depths)
 40343 | Depths:2 | Got a pitted jade ring
 40489 | Depths:2 | Found a one-way gate leading to the halls of Pandemonium.
 41157 | Depths:3 | Reached XP level 25. HP: 255/256 MP: 20/20
 41257 | Depths:3 | Paralysed by a floating eye for 3 turns
 41364 | Depths:3 | Identified the ring "Cuasch" {Fire *Corrode rN+++ Str-3 Int+3} (You found it on level 2 of the Depths)
 41386 | Depths:3 | Identified a ring of the Octopus King {AC+1 EV+1 Str+1 Int+1 Dex+1 SInv} (You took it off a vampire knight on level 3 of the Depths)
 41736 | Depths:4 | Found a gateway to a ziggurat.
 41752 | Depths:4 | Reached skill level 27 in Evocations
 41905 | Depths:4 | Noticed Sojobo
 41923 | Depths:4 | Killed Sojobo
 41942 | Depths:4 | Noticed Frederick
 41952 | Depths:4 | Killed Frederick
 42337 | Depths:4 | Found the +10 Black Knight's horse barding {ponderous, rPois rN+}
 42337 | Depths:4 | Found the +3 giant club "Skullcrusher" {speed, Str+7}
 42717 | Depths:5 | Entered Level 5 of the Depths
 42908 | Depths:5 | Reached XP level 26. HP: 267/272 MP: 21/21
 43116 | Depths:5 | Found a gate to the Realm of Zot.
 43171 | Depths:5 | Noticed Margery
 43185 | Depths:5 | Killed Margery
 43260 | Depths:5 | Found Kyez's Antique Armour Boutique.
 43261 | Depths:5 | Noticed Boris
 43276 | Depths:5 | Killed Boris
 43282 | Depths:5 | Bought a twisted helmet for 342 gold pieces
 43293 | Depths:5 | Identified the +2 helmet of Dim Light {SInv} (You bought it in a shop on level 5 of the Depths)
 43589 | Zot:1    | Entered Level 1 of the Realm of Zot
 43596 | Zot:1    | Noticed an orb of fire
 43596 | Zot:1    | Gained mutation: You are frail. (-10% HP) [an orb of fire]
 43604 | Zot:1    | Killed an orb of fire
 44472 | Zot:1    | Noticed an orb of fire
 44476 | Zot:1    | Gained mutation: You are partially covered in slimy green scales. (AC +2) [an orb of fire]
 44491 | Zot:1    | Killed an orb of fire
 44715 | Zot:1    | You fall through a shaft!
 44992 | Zot:2    | Reached XP level 27. HP: 261/261 MP: 18/18
 47380 | Zot:4    | Paralysed by a Zot trap for 5 turns
 47706 | Zot:5    | Entered Level 5 of the Realm of Zot
 47937 | Zot:5    | Noticed an ancient lich
 47948 | Zot:5    | Killed an ancient lich
 47948 | Zot:5    | Reached skill level 27 in Fighting
 47950 | Zot:5    | Noticed an ancient lich
 47957 | Zot:5    | Killed an ancient lich
 47989 | Zot:5    | Noticed an orb of fire
 47994 | Zot:5    | Gained mutation: Scrolls take you a little longer to read. [an orb of fire]
 48008 | Zot:5    | Killed an orb of fire
 48009 | Zot:5    | Noticed an ancient lich
 48009 | Zot:5    | Noticed an orb of fire
 48018 | Zot:5    | Gained mutation: Your magical capacity is very low. (-20% MP) [an orb of fire]
 48019 | Zot:5    | Gained mutation: You are very frail. (-20% HP) [an orb of fire]
 48022 | Zot:5    | Killed an orb of fire
 48022 | Zot:5    | Noticed an orb of fire
 48029 | Zot:5    | Gained mutation: You are weak. (Str -2) [an orb of fire]
 48036 | Zot:5    | Killed an orb of fire
 48049 | Zot:5    | Noticed an orb of fire
 48055 | Zot:5    | Gained mutation: You are extremely frail. (-30% HP) [an orb of fire]
 48057 | Zot:5    | Gained mutation: Your body sometimes deteriorates upon taking damage. [an orb of fire]
 48064 | Zot:5    | Killed an orb of fire
 48078 | Zot:5    | Killed an ancient lich
 48078 | Zot:5    | Noticed an ancient lich
 48085 | Zot:5    | Killed an ancient lich
 48146 | Zot:5    | Lost mutation: You are extremely frail. (-30% HP) [potion of mutation]
 48146 | Zot:5    | Lost mutation: Your mind is acute. (Int +2) [potion of mutation]
 48146 | Zot:5    | Gained mutation: You have a pair of small horns on your head. [potion of mutation]
 48147 | Zot:5    | Lost mutation: Your body sometimes deteriorates upon taking damage. [potion of mutation]
 48147 | Zot:5    | Lost mutation: Your magical capacity is very low. (-20% MP) [potion of mutation]
 48147 | Zot:5    | Lost mutation: You are weak. (Str -2) [potion of mutation]
 48147 | Zot:5    | Gained mutation: Your system is resistant to poisons. (rPois) [potion of mutation]
 48148 | Zot:5    | Lost mutation: You are very frail. (-20% HP) [potion of mutation]
 48148 | Zot:5    | Lost mutation: You have large cloven feet. [potion of mutation]
 48148 | Zot:5    | Gained mutation: Your flesh is cold resistant. (rC+) [potion of mutation]
 48148 | Zot:5    | Gained mutation: Your spells are a little harder to cast, but a little more powerful. [potion of mutation]
 48148 | Zot:5    | Gained mutation: Your flesh is very cold resistant. (rC++) [potion of mutation]
 48149 | Zot:5    | Lost mutation: You possess an exceptional clarity of mind. [potion of mutation]
 48149 | Zot:5    | Lost mutation: You have a pair of small horns on your head. [potion of mutation]
 48149 | Zot:5    | Lost mutation: Your spells are a little harder to cast, but a little more powerful. [potion of mutation]
 48149 | Zot:5    | Gained mutation: You have large cloven feet. [potion of mutation]
 48149 | Zot:5    | Gained mutation: You expend magic power (3 MP) to strengthen your wands. [potion of mutation]
 48150 | Zot:5    | Lost mutation: You are frail. (-10% HP) [potion of mutation]
 48150 | Zot:5    | Lost mutation: Scrolls take you a little longer to read. [potion of mutation]
 48150 | Zot:5    | Gained mutation: Your body sometimes deteriorates upon taking damage. [potion of mutation]
 48150 | Zot:5    | Lost mutation: Your magical capacity is low. (-10% MP) [potion of mutation]
 48150 | Zot:5    | Gained mutation: You have a somewhat thin skeletal structure. (Dex +2, Stealth) [potion of mutation]
 48218 | Zot:5    | Noticed an orb of fire
 48237 | Zot:5    | Gained mutation: You are clumsy. (Dex -2) [an orb of fire]
 48241 | Zot:5    | Killed an orb of fire
 48355 | Zot:5    | Got the Orb of Zot
 48743 | D:13     | Noticed Mizxen the pandemonium lord
 48831 | D:11     | Noticed Fikhlat the pandemonium lord
 48929 | D:5      | Noticed Ykhatenk the pandemonium lord
 48937 | D:5      | Killed Ykhatenk the pandemonium lord
 49044 | D:$      | Escaped with the Orb!

Skill      XL: |  1  2  3  4  5  6  7  8  9 10 11 12 13 14 15 16 17 18 19 20 21 22 23 24 25 26 27 |
---------------+----------------------------------------------------------------------------------+-----
Dodging        | 1 2 3 4 5 7 8 9 10 11 16 21 | 21.6
Fighting       | 3 4 5 6 7 8 9 10 11 12 13 14 15 16 17 19 21 22 25 27 | 27.0
Axes           | 3 4 5 7 8 9 10 11 12 13 14 15 16 17 18 | 18.0
Armour         | 4 5 6 8 10 11 13 14 15 17 18 20 21 22 | 22.2
Shields        | 4 5 6 8 9 10 11 12 13 14 15 16 17 18 20 | 20.0
Evocations     | 2 3 5 8 10 11 12 13 14 15 16 18 19 20 21 22 24 25 27 | 27.0
Invocations    | 4 6 8 |  8.1

Action                   |  1- 3 |  4- 6 |  7- 9 | 10-12 | 13-15 | 16-18 | 19-21 | 22-24 | 25-27 || total
-------------------------+-------+-------+-------+-------+-------+-------+-------+-------+-------++-------
Melee: War axe           |    71 |   195 |       |       |       |       |       |       |       ||   266
       Lance             |       |    40 |   278 |  1437 |  1505 |   565 |    42 |   708 |       ||  4575
       Broad axe         |       |       |       |       |    47 |  1478 |  1637 |   870 |  1591 ||  5623
Invok: Lesser Servant of |       |       |       |       |     2 |     4 |       |       |       ||     6
       Minor Destruction |       |       |       |       |       |    24 |       |       |       ||    24
 Abil: Heal Wounds       |     2 |     1 |     6 |     9 |     2 |     8 |    19 |     5 |    12 ||    64
Evoke: Wand              |       |       |       |     1 |     7 |    18 |     3 |     2 |     7 ||    38
       Lightning rod     |       |       |       |       |       |     3 |    12 |     8 |       ||    23
       Lamp of fire      |       |       |       |       |       |       |       |     2 |       ||     2
  Use: Scroll            |       |     5 |     8 |    11 |    16 |     7 |     6 |    20 |    11 ||    84
       Potion            |       |       |     1 |     5 |     2 |     7 |     1 |     1 |    14 ||    31
 Stab: Confused          |       |       |       |     1 |       |       |       |       |       ||     1
       Distracted        |       |       |       |       |     1 |     1 |       |       |       ||     2
       Invisible         |       |       |       |       |       |       |     2 |       |       ||     2
       Petrifying        |       |       |       |       |       |       |     1 |       |       ||     1
  Eat: Chunk             |       |     5 |     6 |    21 |    16 |    30 |    22 |    20 |    18 ||   138
       Ration            |       |       |     1 |     1 |     2 |     3 |       |     2 |     4 ||    13
Armor: Scale mail        |    56 |   125 |    51 |       |       |       |       |       |       ||   232
       Chain mail        |       |       |    37 |       |       |       |       |       |       ||    37
       Plate armour      |       |       |     4 |   159 |       |       |       |       |       ||   163
       Crystal plate arm |       |       |       |   682 |   968 |  1169 |   617 |   444 |    63 ||  3943
       Skin              |       |       |       |       |       |    12 |    18 |       |     5 ||    35
       Gold dragon scale |       |       |       |       |       |       |       |       |   494 ||   494
Dodge: Dodged            |    31 |    82 |    68 |   347 |   509 |   579 |   317 |   314 |   551 ||  2798
Block: Shield            |    62 |   135 |   104 |   813 |  1014 |  1753 |   988 |       |       ||  4869
       Reflection        |       |       |       |       |       |   117 |    95 |    70 |       ||   282
       Large shield      |       |       |       |       |       |       |   280 |  1320 |  1467 ||  3067
